 Dungeon Crawl Stone Soup version 0.19.3-4-gbf9329e (webtiles) character file.

8152 Mefis the Thaumaturge (level 11, -7/54 HPs)
             Began as a Deep Elf Wizard on Jan 27, 2017.
             Was a Priest of Sif Muna.
             Mangled by a yak (12 damage)
             ... on level 1 of the Lair of Beasts.
             The game lasted 00:46:43 (18346 turns).

Mefis the Thaumaturge (Deep Elf Wizard)            Turns: 18346, Time: 00:46:44

Health: -7/54      AC:  4    Str:  4    XL:     11   Next: 6%
Magic:  6/26       EV: 15    Int: 32    God:    Sif Muna [***...]
Gold:   690        SH:  0    Dex: 13    Spells: 10 memorised, 2 levels left

rFire  + . .     SeeInvis .     a - +3 demon trident
rCold  x . .     Gourm    .     o - +0 robe
rNeg   . . .     Faith    .     (no shield)
rPois  .         Spirit   .     t - +0 hat
rElec  .         Reflect  .     s - +0 cloak
rCorr  .         Harm     .     (no gloves)
MR     +....                    f - +0 pair of boots
Stlth  ++........               (no amulet)
                                h - ring of fire
                                D - +5 ring of intelligence

@: starving, repel missiles
A: no striking features
a: Divine Energy, Channel Magic, Renounce Religion


You were on level 1 of the Lair of Beasts.
You worshipped Sif Muna.
Sif Muna was most pleased with you.
You were starving.

You visited 3 branches of the dungeon, and saw 14 of its levels.

You collected 690 gold pieces.

Inventory:

Hand Weapons
 a - a +3 demon trident (weapon)
 b - a +0 blowgun
 B - a +1 short sword of electrocution
 Z - a +2 dagger of venom
Missiles
 j - 19 sling bullets
 u - 47 poisoned needles
 Y - 6 curare-tipped needles
Armour
 f - a +0 pair of boots (worn)
 o - a +0 robe (worn)
 s - a +0 cloak (worn)
 t - a +0 hat (worn)
 w - a +0 buckler
Magical Staves
 g - an uncursed staff of cold
Jewellery
 h - a ring of fire (right hand)
 l - an uncursed ring of stealth
 D - a +5 ring of intelligence (left hand)
Wands
 A - a wand of iceblast (0/15)
 Q - a wand of heal wounds (0/9)
 T - a wand of digging (14/24)
 V - a wand of iceblast (0/15)
Scrolls
 m - 5 scrolls of teleportation
 n - 2 scrolls of random uselessness
 q - a scroll of fear
 v - 6 scrolls of fog
 y - 3 scrolls of enchant armour
 C - a scroll of magic mapping {unknown}
 E - a scroll of remove curse
 H - a scroll of noise {unknown}
 L - 2 scrolls of amnesia
 N - 3 scrolls of recharging
 U - a scroll of immolation {unknown}
Potions
 i - 3 potions of mutation {unknown}
 k - 4 potions of heal wounds {unknown}
 r - 2 potions of haste {unknown}
 z - a potion of lignification {unknown}
 F - 3 potions of degeneration {unknown}
 G - a potion of berserk rage {unknown}
 I - a potion of agility {unknown}
 J - a potion of might {unknown}
 K - 4 potions of curing
 P - a potion of resistance {unknown}
 W - a potion of flight {unknown}
Books
 c - a book of Minor Magic

   Spells                             Type                      Level
   a - Magic Dart                     Conjuration                  1
   b - Blink                          Translocation                2
   c - Call Imp                       Summoning                    2
   d - Repel Missiles                 Charms/Air                   2
   e - Slow                           Hexes                        2
   f - Conjure Flame                  Conjuration/Fire             3
   g - Mephitic Cloud                 Conjuration/Poison/Air       3
 e - a book of Battle

   Spells                             Type                      Level
   a - Infusion                       Charms                       1
   b - Shroud of Golubria             Charms/Translocation         2
   c - Song of Slaying                Charms                       2
   d - Spectral Weapon                Hexes/Charms                 3
   e - Regeneration                   Charms/Necromancy            3
 x - a book of Misfortune

   Spells                             Type                      Level
   a - Confusing Touch                Hexes                        1
   b - Confuse                        Hexes                        3
   c - Gell's Gravitas                Hexes/Translocation          3
   d - Petrify                        Transmutation/Earth          4
   e - Metabolic Englaciation         Hexes/Ice                    5
   f - Yara's Violent Unravelling     Hexes/Transmutation          5
 M - a book of Cantrips

   Spells                             Type                      Level
   a - Confusing Touch                Hexes                        1
   b - Animate Skeleton               Necromancy                   1
   c - Summon Small Mammal            Summoning                    1
   d - Apportation                    Translocation                1
 O - a book of Necromancy

   Spells                             Type                      Level
   a - Pain                           Necromancy                   1
   b - Animate Skeleton               Necromancy                   1
   c - Vampiric Draining              Necromancy                   3
   d - Regeneration                   Charms/Necromancy            3
   e - Animate Dead                   Necromancy                   4
   f - Control Undead                 Necromancy                   4
Comestibles
 d - 8 bread rations
 p - 13 fruits
 R - 4 meat rations
 S - 3 royal jellies


   Skills:
 + Level 6.6 Dodging
 - Level 2.9 Stealth
 + Level 3.3 Shields
 + Level 9.8 Spellcasting
 + Level 5.6 Conjurations
 + Level 6.2 Hexes
 - Level 3.9 Charms
 - Level 3.2 Summonings
 + Level 2.9 Necromancy
 - Level 1.1 Translocations
 - Level 2.9 Transmutations
 * Level 5.1 Ice Magic
 - Level 3.8 Air Magic
 + Level 4.9 Earth Magic
 - Level 4.7 Poison Magic
 + Level 4.5 Invocations
 + Level 4.2 Evocations


You had 2 spell levels left.
You knew the following spells:

 Your Spells              Type           Power        Failure   Level  Hunger
a - Magic Dart            Conj           ####         1%          1    None
b - Call Imp              Summ           #####...     1%          2    None
c - Blink                 Tloc           N/A          2%          2    None
d - Repel Missiles        Chrm/Air       #####.       1%          2    None
e - Mephitic Cloud        Conj/Pois/Air  #####...     1%          3    None
f - Conjure Flame         Conj/Fire      ######..     3%          3    None
g - Slow                  Hex            ######..     1%          2    None
h - Petrify               Tmut/Erth      #####...     10%         4    None
p - Regeneration          Chrm/Necr      #####.....   2%          3    None
w - Metabolic Englaciati  Hex/Ice        ######....   10%         5    ###....


Dungeon Overview and Level Annotations

Branches:
Dungeon (12/15)            Temple (1/1) D:5            Lair (1/6) D:9
    Orc: D:9-12

Altars:
Ashenzari
Cheibriados
Dithmenos
Elyvilon
Fedhas
Gozag
Hepliaklqana
Kikubaaqudgha
Makhleb
Nemelex Xobeh
Okawaru
Qazlal
Ru
Sif Muna
Trog
Uskayaw
Vehumet
Xom
Yredelemnul
Zin
The Shining One

Shops:
D:6 (

Annotations:
D:7 Paps's ghost, novice GrFi
Lair:1 Sonja


Message History

Confirm with . or Enter, or press ? or * to list all spells.
You don't have enough magic to cast that spell.
You are starving!
The yak bellows!
Evoke which item? (* to show all) (? for menu, Esc to quit)
Zapping:
Q - a wand of heal wounds {zapped: 2} (will waste charges)
Press: ? - help, Shift-Dir - straight line, f - you You feel much better.
Evoking this partially-identified wand wasted a few charges.
Your skill with magical items lets you calculate the power of this device...
This wand has 0 charges left.
The yak closely misses you. The yak gores you! The yak gores you!
The yak closely misses you.
You don't have the energy to cast that spell.
You start eating one of the 13 fruits.
The yak gores you!
* * * LOW HITPOINT WARNING * * *
The yak gores you!
You die...

.......## ####.##
##.#### ........###
##.#.## #....l##
..........#####.#.####
#.......
.............###.....##
###.....
......................#
##.###
........Y...Y...#####.#
### # ........##.###l.##
### .......##### #.YY##
.#.....#######..@.####
#.###..##P.#.........#
#####.YY................
#.#.............#P#.....
#...##.....?...###P....
...###.........## ....
.## #..........# ...
#.........## ...
#.........#


You could see a komodo dragon and 3 yaks.

Vanquished Creatures
  Urug (D:10)
  A spiny frog (Lair:1)
  A hornet (D:9)
  5 yaks
  A hungry ghost (D:7)
  3 wargs (D:9)
  2 porcupines
  A necrophage (D:8)
  2 ice beasts
  2 orc warriors
  2 phantoms (D:8)
  A black bear (D:7)
  8 ogres
  A sky beast (D:7)
  5 centaurs
  3 big kobolds
  10 bullfrogs
  A water moccasin zombie (D:10)
  A wyvern skeleton (D:8)
  6 scorpions
  4 killer bees (D:9)
  7 howler monkeys
  4 crimson imps
  4 jellies
  3 centaur zombies (D:5)
  A bullfrog zombie (D:6)
  5 hounds
  Crazy Yiuf (D:2)
  3 centaur skeletons
  11 orc priests
  2 bullfrog skeletons
  A gnoll shaman (D:7)
  5 iguanas
  14 orc wizards
  Natasha (twice) (D:2)
  9 worker ants
  10 gnolls
  A howler monkey skeleton (D:6)
  11 adders
  2 shadow imps
  2 oozes
  3 adder skeletons
  3 worms
  3 dart slugs
  6 leopard geckos
  42 orcs
  2 ball pythons
  9 bats
  4 giant cockroaches
  8 goblins
  15 hobgoblins
  2 jackals (D:1)
  5 quokkas
  5 frilled lizards
  16 kobolds
  A quokka skeleton (D:6)
283 creatures vanquished.

Vanquished Creatures (collateral kills)
  A yak (Lair:1)
  A water moccasin (Lair:1)
  A centaur skeleton (D:7)
  A quokka (D:5)
4 creatures vanquished.

Vanquished Creatures (others)
  An orc (D:3)
1 creature vanquished.

Grand Total: 288 creatures vanquished

Notes
Turn   | Place    | Note
-------+----------+-------------------------------------------
     0 | D:1      | Mefis the Deep Elf Wizard began the quest for the Orb.
     0 | D:1      | Reached XP level 1. HP: 10/10 MP: 7/7
   213 | D:1      | Reached XP level 2. HP: 14/15 MP: 2/9
   292 | D:1      | Learned a level 2 spell: Call Imp
   295 | D:1      | Learned a level 2 spell: Blink
   298 | D:1      | Learned a level 2 spell: Repel Missiles
   771 | D:1      | Reached skill level 5 in Spellcasting
   993 | D:1      | Reached XP level 3. HP: 18/19 MP: 2/11
   998 | D:1      | Learned a level 3 spell: Mephitic Cloud
  1375 | D:2      | Found a hazy altar of Hepliaklqana.
  1557 | D:2      | Noticed Natasha
  1560 | D:2      | Killed Natasha
  1560 | D:2      | Reached XP level 4. HP: 24/24 MP: 4/13
  1610 | D:2      | Noticed Natasha
  1618 | D:2      | Killed Natasha
  1618 | D:2      | Reached skill level 1 in Air Magic
  1772 | D:2      | Found a runed door.
  1953 | D:2      | Reached skill level 1 in Poison Magic
  2086 | D:2      | Noticed Crazy Yiuf
  2101 | D:2      | Killed Crazy Yiuf
  2101 | D:2      | Reached XP level 5. HP: 28/28 MP: 0/15
  2249 | D:3      | Reached skill level 6 in Spellcasting
  2789 | D:3      | Found a faded altar of an unknown god.
  3007 | D:3      | Found an ancient bone altar of Kikubaaqudgha.
  3201 | D:3      | Learned a level 3 spell: Conjure Flame
  3204 | D:3      | Learned a level 2 spell: Slow
  3960 | D:4      | Reached XP level 6. HP: 32/32 MP: 8/17
  4049 | D:4      | Reached skill level 1 in Hexes
  4632 | D:4      | Reached skill level 1 in Shields
  4984 | D:4      | Reached skill level 7 in Spellcasting
  4990 | D:4      | Reached XP level 7. HP: 36/36 MP: 2/19
  5100 | D:4      | Learned a level 4 spell: Petrify
  5503 | D:5      | Entered Level 5 of the Dungeon
  5868 | D:5      | Reached skill level 1 in Evocations
  5900 | D:5      | Found a deep blue altar of Sif Muna.
  5934 | D:5      | Reached skill level 1 in Transmutations
  6062 | D:5      | Became a worshipper of Sif Muna the Loreminder
  6420 | D:5      | Found a staircase to the Ecumenical Temple.
  6429 | Temple   | Entered the Ecumenical Temple
  6446 | Temple   | Reached skill level 1 in Earth Magic
  6446 | Temple   | Reached XP level 8. HP: 17/41 MP: 3/21
  7490 | D:6      | Reached skill level 1 in Charms
  7490 | D:6      | Reached skill level 1 in Invocations
  8053 | D:6      | Found Xiblaulu's Weapon Emporium.
  8070 | D:6      | Reached skill level 8 in Spellcasting
  8658 | D:6      | Reached * piety under Sif Muna
  8945 | D:6      | Reached XP level 9. HP: 44/45 MP: 12/23
  8952 | D:6      | Learned a level 5 spell: Metabolic Englaciation
  9205 | D:7      | Found a sacrificial altar of Ru.
  9219 | D:7      | Found an iron altar of Okawaru.
  9615 | D:7      | Reached skill level 5 in Dodging
  9615 | D:7      | Reached skill level 1 in Ice Magic
  9834 | D:7      | Noticed Paps's ghost (novice GrFi)
 11218 | D:8      | Reached ** piety under Sif Muna
 11218 | D:8      | Reached skill level 9 in Spellcasting
 11622 | D:8      | Reached skill level 5 in Hexes
 12630 | D:7      | Reached XP level 10. HP: 50/50 MP: 6/25
 13923 | D:9      | Learned a level 3 spell: Regeneration
 13961 | D:9      | Found a glowing golden altar of the Shining One.
 14042 | D:9      | Reached skill level 5 in Conjurations
 14221 | D:9      | Reached skill level 1 in Necromancy
 14409 | D:9      | Found a staircase to the Lair.
 14467 | D:9      | Reached *** piety under Sif Muna
 14735 | D:9      | Found a stormy altar of Qazlal.
 14741 | D:9      | Found a burning altar of Makhleb.
 14742 | D:9      | Found a shattered altar of Ashenzari.
 15197 | D:10     | Entered Level 10 of the Dungeon
 15969 | D:10     | Noticed Urug
 16390 | D:10     | You fall through a shaft for 2 floors!
 16401 | D:12     | Noticed a cyclops
 16955 | D:10     | Killed Urug
 17698 | Lair:1   | Entered Level 1 of the Lair of Beasts
 17717 | Lair:1   | Reached XP level 11. HP: 54/54 MP: 20/26
 17979 | Lair:1   | Reached skill level 5 in Ice Magic
 18100 | Lair:1   | Noticed Sonja
 18263 | Lair:1   | Found a dark tunnel.
 18346 | Lair:1   | Mangled by a yak

Skill      XL: |  1  2  3  4  5  6  7  8  9 10 11 |
---------------+----------------------------------+-----
Spellcasting   | 5 6 7 8 9 |  9.8
Conjurations   | 2 3 4 5 |  5.6
Dodging        | 3 4 5 6 |  6.6
Air Magic      | 1 2 3 |  3.8
Poison Magic   | 1 2 3 4 |  4.7
Hexes          | 2 3 4 5 6 |  6.2
Shields        | 1 2 3 |  3.3
Evocations     | 1 2 3 4 |  4.2
Transmutations | 1 2 |  2.9
Earth Magic    | 1 2 3 4 |  4.9
Charms         | 2 3 |  3.9
Invocations    | 2 3 4 |  4.5
Summonings     | 2 3 |  3.2
Ice Magic      | 2 4 5 |  5.1
Necromancy     | 2 |  2.9
Stealth        | |  2.9
Translocations | |  1.1

Action                   |  1- 3 |  4- 6 |  7- 9 | 10-12 || total
-------------------------+-------+-------+-------+-------++-------
Melee: Unarmed           |    11 |       |       |       ||    11
       Short sword       |       |     8 |     8 |       ||    16
       Dagger            |       |       |    56 |    10 ||    66
       Demon trident     |       |       |       |    10 ||    10
 Fire: Blowgun           |       |       |    27 |    88 ||   115
 Cast: Magic Dart        |    77 |   181 |   503 |   298 ||  1059
       Repel Missiles    |     1 |     2 |     1 |     1 ||     5
       Mephitic Cloud    |       |    16 |    34 |    29 ||    79
       Blink             |       |     2 |    24 |    26 ||    52
       Call Imp          |       |       |     9 |    18 ||    27
       Conjure Flame     |       |       |    17 |    26 ||    43
       Slow              |       |       |     1 |     8 ||     9
       Regeneration      |       |       |       |     2 ||     2
       Metabolic Englaci |       |       |       |     4 ||     4
Evoke: Wand              |       |       |     3 |     3 ||     6
  Use: Scroll            |       |       |       |    11 ||    11
       Potion            |       |       |       |     2 ||     2
 Stab: Confused          |       |     1 |     4 |       ||     5
       Sleeping          |       |       |     1 |       ||     1
  Eat: Chunk             |     2 |    10 |    22 |    11 ||    45
       Bread ration      |       |       |       |     1 ||     1
       Pizza             |       |       |       |     1 ||     1
Armor: Robe              |     3 |     5 |    27 |     7 ||    42
Dodge: Dodged            |    27 |    39 |   103 |    80 ||   249
       Deflected         |     1 |     2 |     7 |     5 ||    15
